 Dungeon Crawl Stone Soup version 0.28.0-45-g0d030f2227 (webtiles) character file.

Game seed: 3089395591189338037

28 protoss039 the Digger (level 3, 26/26 HPs)
             Began as a Demonspawn Earth Elementalist on May 30, 2022.
             Got out of the dungeon alive.
             The game lasted 00:01:47 (1454 turns).

protoss039 the Digger (DsEE)                        Turns: 1454, Time: 00:01:48

Health: 26/26      AC:  2    Str:  8    XL:     3   Next: 0%
Magic:  6/6        EV: 12    Int: 18    God:
Gold:   29         SH:  0    Dex: 15    Spells: 3/6 levels left

rFire   . . .      SeeInvis .   h - +1 short sword (freeze)
rCold   . . .      Faith    .   (no shield)
rNeg    . . .      Spirit   .   b - +0 robe
rPois   .          Reflect  .   (helmet restricted)
rElec   .          Harm     .   (no cloak)
rCorr   .          Rampage  .   (no gloves)
Will    .....                   (no boots)
Stlth   +++.......              (no amulet)
HPRegen 0.08/turn               (no ring)
MPRegen 0.10/turn               (no ring)

@: no status effects
A: horns 1, thin skeletal structure 1
a: no special abilities


You escaped.
You visited 1 branch of the dungeon, and saw 2 of its levels.

You collected 29 gold pieces.

Inventory:

Hand Weapons
 h - a +1 short sword of freezing (weapon)
Missiles
 c - 46 stones
Armour
 b - a +0 robe (worn)
Jewellery
 a - a ring of fire
Scrolls
 e - 2 scrolls of identify {unknown}
Potions
 f - a potion of lignification {unknown}
 g - a potion of flight {unknown}


   Skills:
 * Level 1.6 Fighting
 + Level 0.7 Armour
 - Level 1.7 Dodging
 - Level 1.7 Stealth
 + Level 2.2 Spellcasting
 - Level 1.0 Transmutations
 + Level 2.9 Earth Magic


You had 3 spell levels left.
You knew the following spells:

 Your Spells              Type           Power      Damage    Failure   Level
a - Sandblast             Erth           24%        2d8       5%          1
b - Passwall              Tmut/Erth      7%         N/A       12%         2

Your spell library contained the following spells:

 Spells                   Type           Power      Damage    Failure   Level
 Stone Arrow              Conj/Erth      14%        3d7       28%         3
 Petrify                  Tmut/Erth      9%         N/A       61%         4


Dungeon Overview and Level Annotations

Branches:
Dungeon (2/15)

Altars:


Innate Abilities, Weirdness & Mutations

You have a pair of small horns on your head.
You have a somewhat thin skeletal structure. (Dex +2, Stealth+)


Message History

You kill the kobold!
No target in view!
No target in view!
No target in view!
No target in view!
No target in view!
No target in view!
No target in view!
Unknown command.
You see here a +1 short sword of freezing.
h - a +1 short sword of freezing Your +1 short sword of freezing glows with a cold blue light!
h - a +1 short sword of freezing (weapon)
Unknown command.
You drop a +0 dagger.
A rat comes into view.
A rat is nearby!
A rat is nearby!
You hit the rat. You freeze the rat.
You kill the rat!
You have reached level 3!
Your experience leads to an increase in your attributes!
Increase (S)trength, (I)ntelligence, or (D)exterity?
You feel clever. x2; Your demonic ancestry asserts itself...
A pair of horns grows on your head!
Unknown command.
Sorry, you're not good enough to have a special ability.
Unknown command.
Unknown command.
An adder comes into view.
The adder moves out of view.
You see here a dart slug corpse.
There is an escape hatch in the ceiling here.
A mysterious force pulls you upwards. The hatch slams shut behind you.
You see here a +0 dagger.
You see here a +0 leather armour.
You see here a +0 dagger.
There is a staircase leading out of the dungeon here.
Are you sure you want to leave the Dungeon?
This will make you lose the game!
You have escaped!

.##### .....####
........####
...........###
.............##
######........##
#####.....##
####...## ###.@#
####


There were no monsters in sight!

Vanquished Creatures
  A dart slug (D:2)
  3 bats
  4 endoplasms (D:1)
  A giant cockroach (D:1)
  2 goblins
  3 hobgoblins
  2 kobolds
  A quokka (D:1)
  A ball python (D:1)
  3 frilled lizards (D:1)
  4 rats
25 creatures vanquished.

Notes
Turn   | Place    | Note
-------+----------+-------------------------------------------
     0 | D:1      | protoss039 the Demonspawn Earth Elementalist began the
                  | quest for the Orb.
     0 | D:1      | Reached XP level 1. HP: 13/13 MP: 3/3
    46 | D:1      | Reached skill level 1 in Transmutations
   246 | D:1      | Reached skill level 1 in Fighting
   246 | D:1      | Gained mutation: You have a somewhat thin skeletal
                  | structure. (Dex +2, Stealth+) [demonic ancestry]
   246 | D:1      | Reached XP level 2. HP: 11/21 MP: 1/5
   395 | D:1      | Found a faded altar of an unknown god.
  1121 | D:2      | Learned a level 2 spell: Passwall
  1339 | D:2      | Gained mutation: You have a pair of small horns on your
                  | head. [demonic ancestry]
  1339 | D:2      | Reached XP level 3. HP: 26/26 MP: 6/6
  1454 | D:$      | Got out of the dungeon alive.

Illustrated notes

Levels and vault maps discovered:
D:1:      eino_arrival_cavern_c, layout_rooms, ebering_ecumenical_altar_hall,
          kennysheep_boxes
D:2:      layout_basic, glass_columns_a

Skill      XL: |  1 |
---------------+----+-----
Transmutations | 1 |  1.0
Fighting       | 1 |  1.6
Armour         | |  0.7
Dodging        | |  1.7
Stealth        | |  1.7
Spellcasting   | |  2.2
Earth Magic    | |  2.9

Action                   || total
-------------------------++-------
Melee: Dagger            ||    88
       Unarmed           ||     7
       Short sword       ||     1
       Punch             ||     1
 Cast: Sandblast         ||     9
 Stab: Sleeping          ||     7
Armor: Robe              ||    21
Dodge: Dodged            ||    76
